 Dungeon Crawl Stone Soup version 0.30.0-15-g856e2d3f33 (webtiles) character file.

Game seed: 5558447926209429785

35 ProzacElf the Trooper (level 3, 0/29 HPs)
             Began as a Demonspawn Fighter on May 19, 2023.
             Slain by a hobgoblin
             ... wielding a +0 spear
             ... led by Robin
              (6 damage)
             ... on level 2 of the Dungeon.
             The game lasted 00:03:01 (837 turns).

ProzacElf the Trooper (Demonspawn Fighter)           Turns: 837, Time: 00:03:01

Health: 0/29       AC:  7    Str: 18    XL:     3   Next: 16%
Magic:  3/3        EV:  9    Int:  9    God:
Gold:   29         SH:  4    Dex: 12    Spells: 2/2 levels left

rFire   . . .        a - +0 war axe
rCold   . . .        c - +0 buckler
rNeg    . . .        b - +0 scale mail
rPois   .            (no helmet)
rElec   .            (no cloak)
rCorr   .            (no gloves)
SInv    .            (no boots)
Will    .....        f - amulet of magic regeneration Stlth
                     (no ring)
HPRegen 0.24/turn    (no ring)
MPRegen 0.48/turn

%: no passive effects
@: no status effects
A: rugged brown scales 1, spiny 1
a: no special abilities


You were on level 2 of the Dungeon.
You visited 1 branch of the dungeon, and saw 2 of its levels.

You collected 29 gold pieces.

Inventory:

Hand Weapons
 a - a +0 war axe (weapon)
Armour
 b - a +0 scale mail (worn)
 c - a +0 buckler (worn)
Jewellery
 f - an amulet of magic regeneration (around neck)
Scrolls
 e - a scroll of blinking {unknown}
 g - a scroll of identify {unknown}
 i - a scroll of vulnerability {unknown}
Potions
 d - a potion of might
 h - 2 potions of heal wounds {unknown}


   Skills:
 - Level 3.0 Fighting
 + Level 2.6 Axes
 - Level 2.6 Armour
 + Level 1.9 Stealth
 - Level 2.6 Shields


You had 2 spell levels left.
You didn't know any spells.
Your spell library was empty.

Dungeon Overview and Level Annotations

Branches:
Dungeon (2/15)

Altars:

Annotations:
D:2 Robin


Innate Abilities, Weirdness & Mutations

You are partially covered in rugged brown scales. (AC +1, +3% HP)
You are partially covered in sharp spines.


Message History

Ye barely miss tha goblin.
Tha goblin be severely wounded.
Robin throws tha goblin at ye!
Tha goblin hits ye but does nay damage.
Tha goblin be struck by yer spines.
Ye kill tha goblin!
Robin closely misses ye.
Ye block tha goblin's attack.
Ye barely miss tha goblin.
Ye closely miss tha goblin.
Tha hobgoblin hits ye from afar wit' a +0 spear.
Tha goblin be struck by yer spines.
Tha goblin barely misses ye.
Ye block Robin's attack.
Tha goblin be struck by yer spines.
Tha goblin hits ye but does nay damage.
Ye take 3 damage, an' haf 11/29 hp.
Ye closely miss tha goblin.
Tha goblin be moderately wounded.
Ye closely miss tha goblin.
Tha goblin nay longer looks unusu'lly strong.
Tha goblin hits ye but does nay damage.
Ye block tha goblin's attack.
Tha hobgoblin hits ye from afar wit' a +0 spear.
Tha goblin barely misses ye.
Tha hobgoblin closely misses ye.
Tha goblin barely misses ye.
Ye take 2 damage, an' haf 9/29 hp.
Ye hit tha goblin but do nay damage.
Tha goblin be moderately wounded.
Ye slash tha goblin!
Ye kill tha goblin!
Tha goblin nay longer looks unusu'lly strong.
Robin throws tha goblin at ye!
Tha goblin be struck by yer spines.
Ye kill tha goblin!
Tha hobgoblin hits ye from afar wit' a +0 spear.
* * * LOW HITPOINT WARNIN'
* * * Ye take 4 damage, an' haf 5/29 hp.
Ye slash tha goblin!
Ye kill tha goblin!
Ye block Robin's attack.
Tha hobgoblin barely misses ye.
Ye slash tha ball python!
Ye kill tha ball python!
Tha hobgoblin nay longer looks unusu'lly strong.
Robin barely misses ye.
Tha hobgoblin hits ye from afar wit' a +0 spear.
Ye die...

. ###.#.# #.# .# ..#.#..
#.# ###.#
#.#.#..##^####...##
#...#...........).##
####..# #.<...<.......##
.....# ##.###.........#
.######..####.##..........#
........gg@)...#...........
........g####..#.#.......##
.#######.# #..#.##......#
..# #..#.###.....# ##.#
#.........#..# #.#
##........#..# ..#
###.###### .# ... #†# # #.#


You could see Robin, a hobgoblin and a goblin.

Vanquished Creatures
  4 bats
  3 endoplasms (D:1)
  A giant cockroach (D:2)
  12 goblins
  A hobgoblin (D:1)
  3 jackals (D:1)
  A kobold (D:1)
  A ball python (D:2)
  3 frilled lizards
29 creatures vanquished.

Notes
Turn   | Place    | Note
-------+----------+-------------------------------------------
     0 | D:1      | ProzacElf the Demonspawn Fighter began the quest for the
                  | Orb.
     0 | D:1      | Reached XP level 1. HP: 18/18 MP: 1/1
   213 | D:1      | Reached skill level 1 in Stealth
   214 | D:1      | Gained mutation: You are partially covered in sharp spines.
                  | [demonic ancestry]
   214 | D:1      | Reached XP level 2. HP: 18/24 MP: 2/2
   345 | D:1      | Found a faded altar of an unknown god.
   817 | D:2      | Noticed Robin
   830 | D:2      | Gained mutation: You are partially covered in rugged brown
                  | scales. (AC +1, +3% HP) [demonic ancestry]
   830 | D:2      | Reached XP level 3. HP: 14/29 MP: 3/3
   837 | D:2      | Slain by a hobgoblin

Illustrated notes

Levels and vault maps discovered:
D:1:      spicycebolla_arrival_risky_transporter, layout_loops_cross,
          shapermc_ecumenical_altar_mp_urbaneastern
D:2:      layout_loops_ring, basic_altar, kennysheep_generic_room_5, uniq_robin

Skill      XL: |  1 |
---------------+----+-----
Axes           | 2 |  2.6
Stealth        | 1 |  1.9
Fighting       | |  3.0
Armour         | |  2.6
Shields        | |  2.6

Action                     || total
---------------------------++-------
  Melee: War axe           ||    53
 Armour: Scale mail        ||    34
  Dodge: Dodged            ||    29
  Block: Buckler           ||    16

Action                     || total
---------------------------++-------
  Melee: War axe           ||    53
 Armour: Scale mail        ||    34
  Dodge: Dodged            ||    29
  Block: Buckler           ||    16

Levels and vault maps discovered:
D:1:      spicycebolla_arrival_risky_transporter, layout_loops_cross,
          shapermc_ecumenical_altar_mp_urbaneastern
D:2:      layout_loops_ring, basic_altar, kennysheep_generic_room_5, uniq_robin
